 Dungeon Crawl Stone Soup version 0.18.1-8-gdd0e5ea (webtiles) character file.

125 Krapule the Vandal (level 5, 0/34 HPs)
             Began as a Halfling Hunter on May 27, 2016.
             Slain by Crazy Yiuf
             ... wielding a +2 quarterstaff of chaos
              (1 damage)
             ... on level 2 of the Dungeon.
             The game lasted 00:08:21 (2376 turns).

Krapule the Vandal (Halfling Hunter)                Turns: 2376, Time: 00:08:23

Health: 0/34       AC:  7    Str: 12    XL:     5   Next: 30%
Magic:  5/5        EV: 14    Int: 10    God:
Gold:   160        SH:  0    Dex: 16    Spells: 0 memorised, 4 levels left

rFire  . . .     SeeInvis .     a - +1 hunting sling
rCold  . . .     Gourm    .     s - +2 ring mail {MR+}
rNeg   . . .     Faith    .     (shield restricted)
rPois  .         Spirit   .     (no helmet)
rElec  .         Dismiss  .     (no cloak)
rCorr  .         Reflect  .     (no gloves)
SustAt .         Harm     .     (no boots)
MR     +....                    (no amulet)
Stlth  ++........               (no ring)
                                (no ring)

@: very slightly contaminated, slowed, very slow, somewhat resistant to hostile
enchantments, unstealthy
A: mutation resistance 1
a: no special abilities


You were on level 2 of the Dungeon.
You were hungry.

You visited 1 branch of the dungeon, and saw 2 of its levels.

You collected 160 gold pieces.

Inventory:

Hand Weapons
 a - a +1 hunting sling (weapon)
 b - a +1 short sword of protection
 j - a +2 dagger of flaming
Missiles
 g - 170 stones (quivered)
Armour
 s - a +2 ring mail of magic resistance (worn)
Jewellery
 q - an uncursed ring of teleportation
Wands
 p - a wand of lightning (8/15)
Scrolls
 e - 5 scrolls of remove curse
 k - 4 scrolls of identify {unknown}
 l - a scroll of fog {unknown}
 m - 3 scrolls of amnesia
 r - a scroll of teleportation {unknown}
Potions
 i - 2 potions of degeneration {unknown}
 n - 3 potions of mutation {unknown}
Comestibles
 f - 2 bread rations
 h - a beef jerky
 o - a meat ration


   Skills:
 + Level 2.2 Fighting
 + Level 6.4 Slings
 + Level 2.0 Armour
 + Level 3.2 Dodging
 + Level 3.0 Stealth


You had 4 spell levels left.
You didn't know any spells.

Dungeon Overview and Level Annotations

Branches:
Dungeon (2/15)

Altars:
Qazlal

Annotations:
D:2 Crazy Yiuf


Innate Abilities, Weirdness & Mutations

You are small and have problems with some larger weapons.
You are somewhat resistant to further mutation.


Message History

Crazy Yiuf is heavily wounded.
Crazy Yiuf barely misses you. Crazy Yiuf closely misses you.
Firing (i - inventory. (,) - cycle):
d - a sling bullet (quivered)
Press: ? - help, Shift-Dir - straight line, f/p - Crazy Yiuf
Aim: Crazy Yiuf, wielding a quarterstaff of chaos and wearing a cloak (heavily wounded)
You shoot a sling bullet.
The sling bullet closely misses Crazy Yiuf.
Crazy Yiuf screams, "Island sow seventy!"
Crazy Yiuf hits you with a quarterstaff of chaos.
Firing (i - inventory):
g - 171 stones (quivered)
Press: ? - help, Shift-Dir - straight line, f/p - Crazy Yiuf
Aim: Crazy Yiuf, wielding a quarterstaff of chaos and wearing a cloak (heavily wounded)
You shoot a stone. The stone hits Crazy Yiuf.
Crazy Yiuf is severely wounded.
Crazy Yiuf hits you with a quarterstaff of chaos!
* * * LOW HITPOINT WARNING * * *
Crazy Yiuf hits you with a quarterstaff of chaos.
* * * LOW HITPOINT WARNING * * *
You die...

#..#####.#.#.....#.#...(.....#..
#..........####..#.##.#.#.......
...######..# #..#.##.#.........
#.#####.......#########.
##########.[#...........# #.
.........##.#.#..#####..########)
.........##.#.#..#...#...........
.........+....#..#...#...........
........(##.....@#...#...........
.......(..#....##g###)##.........
#####..........#.#...#.#.........
#........##.##.(.##.##.......
♣♣♣##(...((..#.#...#...#.#.......
♣..#...÷.#.##.##..##.(.##.##.####
((...(.....#.#....##.#(.)#[#.....
♣..........###....##.##(.###.....
♣♣.#.....#........##....(........


You could see Crazy Yiuf.

Vanquished Creatures
  6 adders (D:2)
  2 oozes (D:1)
  2 worms (D:2)
  A dart slug (D:1)
  An orc (D:2)
  3 giant cockroaches
  6 goblins
  7 hobgoblins
  2 quokkas (D:2)
  9 bats
  2 giant newts
  7 kobolds
  9 rats
57 creatures vanquished.

Notes
Turn   | Place    | Note
--------------------------------------------------------------
     0 | D:1      | Krapule the Halfling Hunter began the quest for the Orb.
     0 | D:1      | Reached XP level 1. HP: 14/14 MP: 1/1
   183 | D:1      | Reached XP level 2. HP: 9/19 MP: 2/2
   192 | D:1      | Reached skill level 6 in Slings
   758 | D:1      | Reached XP level 3. HP: 24/24 MP: 3/3
  1274 | D:2      | Reached skill level 1 in Armour
  1313 | D:2      | Reached XP level 4. HP: 22/29 MP: 4/4
  1909 | D:2      | Reached XP level 5. HP: 34/34 MP: 5/5
  2157 | D:2      | Found a stormy altar of Qazlal.
  2303 | D:2      | Noticed Crazy Yiuf
  2376 | D:2      | HP: 1/34 [Crazy Yiuf/quarterstaff of chaos (6)]
  2376 | D:2      | Slain by Crazy Yiuf

Skill      XL: |  1  2  3  4  5 |
---------------+----------------+-----
Slings         | 6 |  6.4
Fighting       | 2 |  2.2
Stealth        | 2 3 |  3.0
Armour         | 1 2 |  2.0
Dodging        | 3 |  3.2

Action                   |  1- 3 |  4- 6 || total
-------------------------+-------+-------++-------
Melee: Dagger            |    36 |       ||    36
       Short sword       |    80 |    67 ||   147
 Fire: Hunting sling     |     5 |    53 ||    58
  Use: Scroll            |       |     3 ||     3
       Potion            |       |     1 ||     1
 Stab: Sleeping          |     3 |     1 ||     4
       Distracted        |     1 |       ||     1
  Eat: Chunk             |     1 |     3 ||     4
Armor: Leather armour    |    34 |    17 ||    51
Dodge: Dodged            |    86 |    66 ||   152
